 Dungeon Crawl Stone Soup version 0.19.5 (webtiles) character file.

455 snowfan the Conjurer (level 7, -1/36 HPs)
             Began as an Octopode Conjurer on Apr 10, 2017.
             Slain by a gnoll
             ... wielding a +0 spear
              (11 damage)
             ... on level 4 of the Dungeon.
             The game lasted 00:13:36 (4558 turns).

snowfan the Conjurer (Octopode Conjurer)            Turns: 4558, Time: 00:13:37

Health: -1/36      AC:  1    Str:  6 (7)  XL:     7   Next: 5%
Magic:  14/14      EV: 14    Int: 24 (25) God:
Gold:   195        SH:  0    Dex: 11 (12) Spells: 2 memorised, 11 levels left

rFire  + . .     SeeInvis .     x - +1 flail (holy)
rCold  . . .     Gourm    .     (no shield)
rNeg   . . .     Faith    .     (helmet restricted)
rPois  .         Spirit   .     (no amulet)
rElec  .         Reflect  .     (no ring)
rCorr  .         Harm     .     (no ring)
MR     .....     Rnd*Tele +     (no ring)
Stlth  +++.......               (no ring)
                                (no ring)
                                (no ring)
                                (no ring)
                                (no ring)

@: brilliant, lethally poisoned (-1 -> -20)
A: almost no armour, stealthy swim, amphibious, 8 rings, constrict 8, camouflage
1, fire resistance 1, frail 1, teleportitis 1, gelatinous body 1
a: no special abilities


You were on level 4 of the Dungeon.
You were not hungry.

You visited 1 branch of the dungeon, and saw 4 of its levels.

You collected 195 gold pieces.

Inventory:

Hand Weapons
 f - a +0 dagger
 w - a +3 whip
 x - a +1 flail of holy wrath (weapon)
Scrolls
 c - a scroll of fog {unknown}
 g - 4 scrolls of remove curse {unknown}
 j - a scroll of noise {unknown}
 k - a scroll of enchant weapon {unknown}
 m - 2 scrolls of enchant armour {unknown}
 p - 2 scrolls of random uselessness {unknown}
 r - 2 scrolls of blinking {unknown}
 u - 2 scrolls of identify {unknown}
Potions
 e - a potion of mutation
 o - a potion of cure mutation
Books
 a - a book of Conjurations

   Spells                             Type                      Level
   a - Magic Dart                     Conjuration                  1
   b - Searing Ray                    Conjuration                  2
   c - Dazzling Spray                 Conjuration/Hexes            3
   d - Fulminant Prism                Conjuration/Hexes            4
   e - Iskenderun's Mystic Blast      Conjuration                  4
   f - Iskenderun's Battlesphere      Conjuration/Charms           5
 y - a book of Changes

   Spells                             Type                      Level
   a - Beastly Appendage              Transmutation                1
   b - Sticks to Snakes               Transmutation                2
   c - Spider Form                    Transmutation/Poison         3
   d - Ice Form                       Ice/Transmutation            4
   e - Blade Hands                    Transmutation                5
Comestibles
 b - 4 bread rations
 h - 3 meat rations
 n - 2 chunks of flesh
 q - 2 beef jerkies


   Skills:
 + Level 4.0 Dodging
 - Level 2.6 Stealth
 * Level 4.9 Spellcasting
 + Level 5.3 Conjurations


You had 11 spell levels left.
You knew the following spells:

 Your Spells              Type           Power        Failure   Level  Hunger
a - Magic Dart            Conj           ####         1%          1    None
d - Dazzling Spray        Conj/Hex       ####..       1%          3    ##.....


Dungeon Overview and Level Annotations

Branches:
Dungeon (4/15)
 Temple: D:4-7

Altars:


Innate Abilities, Weirdness & Mutations

You cannot wear most types of armour.
You are very stealthy in the water. (Stealth+)
You are amphibious.
You can wear up to eight rings at the same time.
You can use your tentacles to constrict eight enemies at once.
Your skin changes colour to match your surroundings (Stealth+).
Your rubbery body absorbs attacks. (AC +1, EV +1)
Your flesh is heat resistant. (rF+)
You are frail. (-10% HP)
You are occasionally teleported next to monsters.


Message History

You feel sick.
You feel very sick.
You feel sick.
You feel sick.
Sorry, you're not good enough to have a special ability.
It was a potion of cancellation.
Your magical effects are unravelling.
You feel magically purged.
You feel a little less mighty now.
You feel sick. The scorpion completely misses you.
It was a potion of degeneration.
There was something very wrong with that liquid.
You feel weakened.
You feel dopey.
You feel clumsy.
You feel sick. The scorpion barely misses you.
It was a potion of brilliance.
You feel clever all of a sudden.
* * * LOW HITPOINT WARNING * * *
You feel sick. The scorpion misses you.
The gnoll hits you from afar with a spear!
You die...

#.....#.............
#.....#.............
#.....#.####........
#.....#.#...........
...######.....#.# #.........
..........)...#.# ###.#'#.#.
..#######.....#.# #.#.#.
.........gs...#.#######.#.#.
......#####@(.#.........#.#.
..... #......##########... .
.### #......#############
... #...................
.... #.......############
.... ###...#.# )... #...#.#
........... ###.#.#
.....S..... #.#.#


You could see a scorpion and a gnoll.

Vanquished Creatures
  A scorpion (D:4)
  A hound (D:4)
  A bullfrog skeleton (D:3)
  Natasha (thrice) (D:3)
  3 worker ants
  5 gnolls
  5 adders
  2 oozes (D:1)
  2 worms
  A dart slug (D:1)
  5 leopard geckos
  9 orcs
  2 ball pythons
  2 bats
  4 giant cockroaches
  6 goblins
  9 hobgoblins
  4 jackals (D:2)
  6 kobolds
  2 quokkas
  10 frilled lizards
  9 rats
92 creatures vanquished.

Notes
Turn   | Place    | Note
-------+----------+-------------------------------------------
     0 | D:1      | snowfan the Octopode Conjurer began the quest for the Orb.
     0 | D:1      | Reached XP level 1. HP: 11/11 MP: 3/3
   248 | D:1      | Reached XP level 2. HP: 11/17 MP: 1/5
   763 | D:1      | Reached XP level 3. HP: 21/21 MP: 0/7
  1423 | D:2      | Reached XP level 4. HP: 27/27 MP: 3/8
  2359 | D:3      | Reached XP level 5. HP: 29/31 MP: 1/10
  2675 | D:3      | Noticed Natasha
  2681 | D:3      | Killed Natasha
  2724 | D:3      | Noticed Natasha
  2750 | D:3      | Killed Natasha
  2895 | D:3      | Noticed Natasha
  2904 | D:3      | Killed Natasha
  2904 | D:3      | Reached XP level 6. HP: 36/36 MP: 7/12
  3139 | D:3      | Learned a level 3 spell: Dazzling Spray
  3271 | D:3      | Reached skill level 5 in Conjurations
  4253 | D:4      | Reached XP level 7. HP: 27/41 MP: 0/14
  4547 | D:4      | Gained mutation: You are frail. (-10% HP) [potion of mutation]
  4547 | D:4      | Gained mutation: Your flesh is heat resistant. (rF+) [potion of mutation]
  4547 | D:4      | Gained mutation: You are occasionally teleported next to monsters. [potion of mutation]
  4558 | D:4      | Slain by a gnoll

Skill      XL: |  1  2  3  4  5  6 |
---------------+-------------------+-----
Spellcasting   | 3 4 |  4.9
Dodging        | 3 4 |  4.0
Conjurations   | 5 |  5.3
Stealth        | |  2.6

Action                   |  1- 3 |  4- 6 |  7- 9 || total
-------------------------+-------+-------+-------++-------
Melee: Unarmed           |    10 |       |       ||    10
       Constrict         |    10 |     6 |       ||    16
       Dagger            |    26 |    19 |       ||    45
       Tentacles         |     6 |     3 |       ||     9
       Flail             |       |     3 |       ||     3
       Whip              |       |     2 |       ||     2
 Cast: Magic Dart        |    42 |   169 |     9 ||   220
       Dazzling Spray    |       |    10 |     2 ||    12
  Use: Potion            |       |       |     8 ||     8
 Stab: Sleeping          |     2 |     1 |       ||     3
  Eat: Chunk             |     2 |     9 |     1 ||    12
Armor: Skin              |     5 |       |     1 ||     6
Dodge: Dodged            |    25 |    43 |     6 ||    74
